[Event "Mitropa Cup Women 2024"]
[Site "Apolda"]
[Date "2024.02.19"]
[Round "5.6"]
[White "Sankova, Stella"]
[Black "Shpanko, Nadiia"]
[Result "0-1"]
[ECO "C42"]
[WhiteElo "2124"]
[BlackElo "2179"]
[Annotator "RC"]
[PlyCount "50"]
[EventDate "2024.02.15"]
[EventType "team-tourn"]
[EventCountry "GER"]
[SourceTitle "playchess.com"]
[Source "ChessBase"]
[SourceQuality "1"]
[WhiteTeam "Slovakia"]
[BlackTeam "Slovenia"]
[WhiteTeamCountry "SVK"]
[BlackTeamCountry "SLO"]
[TimeControl "40/5400+30:1800+30"]

1. e4 e5 2. Nf3 Nf6 3. Nxe5 d6 4. Nf3 Nxe4 5. Nc3 Nxc3 6. dxc3 Be7 7. Be3 c6 8. Qd2 O-O 9. O-O-O Nd7 10. Kb1 d5 11. h4 Nc5 12. Ng5 h6 13. f3 Re8 14. g4 Ne6 15. Nxe6 Bxe6 16. Bd3 Bf8 17. Rdg1 Qa5 18. Bf5 d4 19. Bxe6 dxe3 20. Bxf7+ Kxf7 21. Qd7+ Re7 22. Qd3 Qd5 23. Qh7 e2 24. g5 Qxf3 25. gxh6 Qxh1 0-1

[Event "Mitropa Cup Women 2024"]
[Site "Apolda"]
[Date "2024.02.19"]
[Round "5.7"]
[White "Vidic, Teja"]
[Black "Sevcikova, Lucia"]
[Result "1-0"]
[ECO "C10"]
[WhiteElo "2132"]
[BlackElo "2007"]
[Annotator "NA RC"]
[PlyCount "49"]
[EventDate "2024.02.15"]
[EventType "team-tourn"]
[EventCountry "GER"]
[SourceTitle "playchess.com"]
[Source "ChessBase"]
[SourceQuality "1"]
[WhiteTeam "Slovenia"]
[BlackTeam "Slovakia"]
[WhiteTeamCountry "SLO"]
[BlackTeamCountry "SVK"]
[TimeControl "40/5400+30:1800+30"]

1. e4 e6 2. d4 d5 3. Nc3 dxe4 4. Nxe4 Nd7 5. Nf3 Ngf6 6. Nxf6+ Nxf6 7. Bd3 c5 8. Be3 Nd5 9. Qe2 Nxe3 10. fxe3 Be7 11. O-O-O O-O 12. h4 f5 13. g4 Qa5 14. Kb1 Kh8 15. gxf5 exf5 16. Ng5 Bxg5 17. hxg5 Be6 18. b3 Bg8 19. Bc4 Bxc4 20. Rxh7+ Kxh7 21. Rh1+ Kg8 22. Qxc4+ Rf7 23. g6 Raf8 24. Qd5 Qb6 25. Rh8+ 1-0

[Event "Mitropa Cup Women 2024"]
[Site "Apolda"]
[Date "2024.02.19"]
[Round "5.8"]
[White "Sekova, Olivia"]
[Black "Mihelic, Vesna"]
[Result "1-0"]
[ECO "C45"]
[WhiteElo "2054"]
[BlackElo "2112"]
[Annotator "NA RC"]
[PlyCount "99"]
[EventDate "2024.02.15"]
[EventType "team-tourn"]
[EventCountry "GER"]
[SourceTitle "playchess.com"]
[Source "ChessBase"]
[SourceQuality "1"]
[WhiteTeam "Slovakia"]
[BlackTeam "Slovenia"]
[WhiteTeamCountry "SVK"]
[BlackTeamCountry "SLO"]
[TimeControl "40/5400+30:1800+30"]

1. e4 e5 2. Nf3 Nc6 3. d4 exd4 4. Nxd4 Nf6 5. Nxc6 bxc6 6. Nd2 d5 7. exd5 cxd5 8. Bb5+ Bd7 9. Bxd7+ Qxd7 10. O-O Be7 11. b3 O-O 12. Bb2 Qf5 13. Nf3 Ne4 14. Qd3 Rad8 15. Rad1 Bf6 16. Nd4 Qd7 17. Ba3 Rfe8 18. f3 Nd6 19. c3 Re5 20. Qa6 Nc8 21. Bc5 Rg5 22. Kh1 Rg6 23. Qb5 Be7 24. Bxe7 Nxe7 25. Rfe1 Kf8 26. Qc5 c6 27. Re2 Rd6 28. Rde1 Nc8 29. Re5 g6 30. b4 a6 31. a4 Qa7 32. Nb3 Qb6 33. a5 Qb5 34. Qd4 Rf6 35. Rxd5 Qxd5 36. Qxf6 Kg8 37. Nd4 Na7 38. Re5 Qd6 39. Qxd6 Rxd6 40. Rc5 Rd5 41. Rxd5 cxd5 42. Kg1 Kf8 43. Kf2 Ke7 44. Ke3 Kd6 45. Kf4 f6 46. g4 h6 47. h4 Nc8 48. h5 f5 49. hxg6 fxg4 50. g7 1-0

[Event "Mitropa Cup Women 2024"]
[Site "Apolda"]
[Date "2024.02.19"]
[Round "5.9"]
[White "Novosadova, Kristyna"]
[Black "Hakimifard, Ghazal"]
[Result "1/2-1/2"]
[ECO "B95"]
[WhiteElo "2188"]
[BlackElo "2243"]
[Annotator "TA"]
[PlyCount "65"]
[EventDate "2024.02.15"]
[EventType "team-tourn"]
[EventCountry "GER"]
[SourceTitle "playchess.com"]
[Source "ChessBase"]
[SourceQuality "1"]
[WhiteTeam "Czech Republic"]
[BlackTeam "Switzerland"]
[WhiteTeamCountry "CZE"]
[BlackTeamCountry "SUI"]
[TimeControl "40/5400+30:1800+30"]

1. e4 c5 2. Nf3 e6 3. d4 cxd4 4. Nxd4 a6 5. Nc3 Qc7 6. Qf3 Nf6 7. Bg5 Be7 8. O-O-O d6 9. g4 Nbd7 (9... b5 $5) 10. Qe2 b5 11. Bg2 (11. a3 $1 $11) 11... Bb7 {[%emt 0:02:12] Threatening ...b4. Black is slightly better.} 12. f4 b4 13. Nd5 {[%emt 0:22:25] [#]} exd5 $19 14. Nf5 Qc4 ({Black should play} 14... dxe4 $19 {...d5 is the strong threat.} 15. Nxe7 (15. Nxg7+ $2 Kd8 $19) 15... Kxe7 16. Bxf6+ Nxf6) 15. Qxc4 $11 (15. Qd2 $2 h6 (15... Nxe4 $2 16. Bxe4 Nc5 17. Nxg7+ Kd8 18. Bxe7+ Kxe7 19. Nf5+ Kd7 20. Bxd5 $18) (15... Qxa2 16. Qxb4 Rb8 17. Nxe7 $17) (15... dxe4 16. Bxf6 Nxf6 17. Nxe7 $17) 16. Bxf6 (16. Nxg7+ $2 Kf8 $19) 16... Nxf6 $19) 15... dxc4 16. Nxg7+ Kf8 17. Nf5 h6 (17... Bxe4 $2 18. Bxe4 Nxe4 19. Bxe7+ Kg8 20. Rhe1 $18 (20. Bxd6 Ndc5 $18)) 18. Bh4 Re8 (18... Bxe4 $2 19. Bxe4 Rd8 20. Bc6 $18 (20. Nxd6 Nxe4 21. Bxe7+ Kxe7 $16)) (18... c3 {feels hotter.} 19. bxc3 bxc3 20. Nxe7 Kxe7 21. Rhg1 Rhb8) 19. Nxd6 (19. Rhg1 {looks sharper.} Nxg4 20. Bxe7+ Rxe7 21. Rxd6 Nf2 22. Rd2) 19... Bxd6 20. Rxd6 Bxe4 (20... Nxe4 $2 {too greedy.} 21. Rxd7 Bc8 22. Rd4 $18) 21. Bxe4 (21. Bxf6 $2 {is the wrong capture.} Nxf6 (21... Bxg2 22. Bxh8 Bxh1 23. Rxd7 $14) 22. Bxe4 Nxe4 $19) 21... Rxe4 22. Bxf6 Nxf6 23. Rxf6 {[%emt 0:00:14][%mdl 4096] Endgame. KRR-KRR} Kg7 24. Rxa6 Rxf4 25. Ra4 Rb8 26. Rg1 Rf2 27. h4 c3 28. Kb1 cxb2 $1 29. Kxb2 Rc8 30. Rxb4 Rcxc2+ 31. Kb1 Rxa2 32. g5 Rg2 (32... h5 $1 $15) 33. gxh6+ {[%emt 0:00:43] Weighted Error Value: White=0.25 (precise) /Black=0.32.  Loses game:     	White=1     	---        Missed win:     	---       	Black=1      Mistake:       	White=1     	Black=1      Inaccurate:     	White=5     	Black=3      OK:         	White=6     	Black=10     Best:        	---       	Black=1      Strong:       	---       	Black=1} 1/2-1/2

[Event "Mitropa Cup Women 2024"]
[Site "Apolda"]
[Date "2024.02.19"]
[Round "5.10"]
[White "Georgescu, Lena"]
[Black "Koubova, Anna Marie"]
[Result "1/2-1/2"]
[ECO "C12"]
[WhiteElo "2268"]
[BlackElo "2100"]
[Annotator "TA"]
[PlyCount "83"]
[EventDate "2024.02.15"]
[EventType "team-tourn"]
[EventCountry "GER"]
[SourceTitle "playchess.com"]
[Source "ChessBase"]
[SourceQuality "1"]
[WhiteTeam "Switzerland"]
[BlackTeam "Czech Republic"]
[WhiteTeamCountry "SUI"]
[BlackTeamCountry "CZE"]
[TimeControl "40/5400+30:1800+30"]

1. e4 e6 2. d4 d5 3. Nc3 Nf6 4. Bg5 Bb4 5. e5 h6 6. Bd2 Bxc3 7. bxc3 Ne4 8. Bc1 {[%emt 0:00:07] Threatening Qg4.} Nxc3 9. Qg4 g6 10. Ne2 Nxe2 {[%emt 0:01:51] Black is slightly better.} 11. Bxe2 b6 12. h4 $1 h5 13. Qf3 Ba6 14. Bxa6 Nxa6 15. Bg5 {[%emt 0:01:38] Black is weak on the dark squares} Qd7 16. O-O {[%emt 0:07:07][%mdl 1024] White has compensation.} Nb4 17. Rfd1 Nc6 {[%emt 0:08:40] [#]} 18. c4 $1 Ne7 (18... dxc4 $2 {too greedy.} 19. d5 exd5 (19... Nxe5 $2 {loses.} 20. Qf6 $18) 20. Rxd5 $18) 19. Rac1 $40 {[%emt 0:02:58][%mdl 128] White is up to no good.} Rc8 (19... c6 $11) 20. c5 c6 21. Bf6 Rh7 (21... Rg8 $11) 22. a4 {[%emt 0:07:01] White has more active pieces.} (22. Qc3 $16) 22... Ng8 23. Bg5 Qb7 (23... Ne7 $16) 24. cxb6 $18 Qxb6 (24... axb6 25. Rb1 Qa7) 25. Rb1 Qa6 (25... Qc7 $142 26. Rb2 c5) 26. Qa3 {[%emt 0:01:00] Threatens to win with Qd6.} f6 27. exf6 ({Weaker is} 27. Bxf6 Rd7 28. Bg5 Kf7 $18) 27... Rd7 {[%emt 0:00:30] Prevents Qd6.} 28. Re1 {[%emt 0:03:25][%cal Oa3h3] Qh3! would kill now.} c5 29. dxc5 Kf7 30. Rb2 d4 31. Rbe2 {[%emt 0:00:20] aiming for Rxe6.} Rc6 32. Rd2 (32. Qf3 $18 {is more deadly.}) 32... Qc4 {[%emt 0:00:50] [#]} 33. Rc1 (33. Re5 $1 $16) 33... Qd5 $11 34. Rd3 e5 $1 35. f3 (35. Rf3 {feels hotter.} Rb7 36. Qa1 Nxf6 37. Rb1) 35... Nxf6 36. Qb4 {[%emt 0:00:48] Prevents Rb7} Rdc7 37. f4 {[%emt 0:01:06] Hoping for fxe5. The position is equal.} Rxc5 38. Rxc5 Qxc5 39. Qxc5 Rxc5 40. fxe5 Ne4 41. Rxd4 Nxg5 42. hxg5 {[%emt 0:00:08] Black defended with fortune.   Weighted Error Value: White=0.34/Black=0.37.  Missed win:     	White=1     	---        Mistake:       	White=2     	Black=5      Inaccurate:     	White=4     	Black=5      OK:         	White=14    	Black=7      Best:        	White=2     	Black=3      Strong:       	White=1     	Black=1} 1/2-1/2

[Event "Mitropa Cup Women 2024"]
[Site "Apolda"]
[Date "2024.02.19"]
[Round "5.11"]
[White "Lhotska, Anna"]
[Black "Hryzlova, Sofiia"]
[Result "0-1"]
[ECO "C11"]
[WhiteElo "2053"]
[BlackElo "2196"]
[Annotator "RC"]
[PlyCount "60"]
[EventDate "2024.02.15"]
[EventType "team-tourn"]
[EventCountry "GER"]
[SourceTitle "playchess.com"]
[Source "ChessBase"]
[SourceQuality "1"]
[WhiteTeam "Czech Republic"]
[BlackTeam "Switzerland"]
[WhiteTeamCountry "CZE"]
[BlackTeamCountry "SUI"]
[TimeControl "40/5400+30:1800+30"]

1. e4 e6 2. d4 d5 3. Nc3 Nf6 4. e5 Nfd7 5. f4 c5 6. Nf3 Nc6 7. Be3 a6 8. Qd2 b5 9. Be2 Qb6 10. Nd1 cxd4 11. Nxd4 Bc5 12. c3 O-O 13. O-O a5 14. Nxb5 Ba6 15. a4 Rab8 16. Kh1 Bxe3 17. Qxe3 Nc5 18. Nd6 Nb3 19. Bxa6 Qxa6 20. Nf2 Nxa1 21. Rxa1 Rxb2 22. Nb5 Rb8 23. Qg3 Ne7 24. Nd3 Nf5 25. Qf3 Rd2 26. Nc5 Qc6 27. Nb3 Rb2 28. Nc1 Nh4 29. Qg4 Qc4 30. Qxh4 Qf1# 0-1

[Event "Mitropa Cup Women 2024"]
[Site "Apolda"]
[Date "2024.02.19"]
[Round "5.12"]
[White "Pellicoro, Nathalie"]
[Black "Rybackova, Lucie"]
[Result "1/2-1/2"]
[ECO "B12"]
[WhiteElo "1905"]
[BlackElo "1970"]
[Annotator "NA RC"]
[PlyCount "82"]
[EventDate "2024.02.15"]
[EventType "team-tourn"]
[EventCountry "GER"]
[SourceTitle "playchess.com"]
[Source "ChessBase"]
[SourceQuality "1"]
[WhiteTeam "Switzerland"]
[BlackTeam "Czech Republic"]
[WhiteTeamCountry "SUI"]
[BlackTeamCountry "CZE"]
[TimeControl "40/5400+30:1800+30"]

1. e4 c6 2. d4 d5 3. e5 Bf5 4. h4 h5 5. Bd3 Bxd3 6. Qxd3 Qa5+ 7. Nd2 e6 8. Ne2 Ne7 9. O-O Nf5 10. g3 Be7 11. b3 O-O 12. Nf4 g6 13. Nf3 Qa6 14. c4 Nd7 15. Bb2 Rfd8 16. Rfc1 Rac8 17. Qc2 b6 18. a4 Bb4 19. Nd3 c5 20. Kg2 Qb7 21. Qe2 Nf8 22. Kh2 dxc4 23. Rxc4 a5 24. Nxb4 cxb4 25. Rac1 Rxc4 26. Rxc4 Rc8 27. Ng5 Nh7 28. Ne4 Rxc4 29. bxc4 Qc6 30. Qc2 Nf8 31. Nf6+ Kg7 32. Qb3 Nd7 33. d5 Qc8 34. Nxd7 Qxd7 35. d6 Kf8 36. Bc1 Qc6 37. Qd3 Ke8 38. Be3 Kd7 39. Bd4 Kd8 40. Be3 Kd7 41. Bd4 Kd8 1/2-1/2

[Event "Mitropa Cup Women 2024"]
[Site "Apolda"]
[Date "2024.02.19"]
[Round "5.13"]
[White "Brunello, Marina"]
[Black "Polterauer, Chiara"]
[Result "1-0"]
[ECO "C54"]
[WhiteElo "2345"]
[BlackElo "2189"]
[Annotator "RC"]
[PlyCount "171"]
[EventDate "2024.02.15"]
[EventType "team-tourn"]
[EventCountry "GER"]
[SourceTitle "playchess.com"]
[Source "ChessBase"]
[SourceQuality "1"]
[WhiteTeam "Italy"]
[BlackTeam "Austria"]
[WhiteTeamCountry "ITA"]
[BlackTeamCountry "AUT"]
[TimeControl "40/5400+30:1800+30"]

1. e4 e5 2. Nf3 Nc6 3. Bc4 Bc5 4. d3 Nf6 5. c3 d6 6. Bb3 a6 7. Nbd2 Ba7 8. Nf1 h6 9. Ng3 O-O 10. O-O Re8 11. h3 Be6 12. Bc2 d5 13. exd5 Qxd5 14. Be3 Qd6 15. Nh4 Qd7 16. Qf3 Bd5 17. Ne4 Nxe4 18. dxe4 Be6 19. Rfd1 Qe7 20. Nf5 Bxf5 21. exf5 Bxe3 22. fxe3 Rad8 23. Be4 Qf6 24. b4 Ne7 25. Bxb7 Nxf5 26. Rf1 Rb8 27. Bd5 Red8 28. Bb3 Nd6 29. Qxf6 gxf6 30. Rxf6 Kg7 31. Raf1 Rd7 32. Bd5 Rc8 33. Bc6 Re7 34. e4 Rd8 35. a4 Re6 36. Rxe6 fxe6 37. a5 Rb8 38. Rd1 Kf6 39. Kf2 Ke7 40. Ke2 h5 41. g3 Rg8 42. Rd3 Rf8 43. Rf3 Rb8 44. Kd3 Nb5 45. Kc4 Kd6 46. Bxb5 axb5+ 47. Kd3 c5 48. Rf2 cxb4 49. cxb4 Rg8 50. Rg2 Rc8 51. a6 Ra8 52. Ra2 Ra7 53. g4 hxg4 54. hxg4 Ke7 55. Ra5 Kf6 56. Ke3 Kg5 57. Kf3 Kf6 58. Kg3 Kg6 59. Rxb5 Rxa6 60. Rxe5 Kf6 61. Kf4 Ra1 62. g5+ Ke7 63. Rb5 Rg1 64. Rb6 Kd7 65. b5 Ke7 66. Rb8 Kd6 67. Rd8+ Ke7 68. Ra8 Kd6 69. Ra6+ Ke7 70. Ra7+ Kd6 71. e5+ Kc5 72. Rc7+ Kxb5 73. Re7 Rf1+ 74. Kg4 Kc5 75. Rxe6 Kd5 76. Re8 Ke4 77. Kh5 Ra1 78. Kh6 Kf5 79. Rf8+ Kxe5 80. g6 Ke6 81. Kh7 Ke7 82. Rf4 Rg1 83. g7 Rh1+ 84. Kg8 Ra1 85. Rh4 Rg1 86. Kh8 1-0

[Event "Mitropa Cup Women 2024"]
[Site "Apolda"]
[Date "2024.02.19"]
[Round "5.14"]
[White "Hapala, Elisabeth"]
[Black "Zimina, Olga"]
[Result "0-1"]
[ECO "B19"]
[WhiteElo "2001"]
[BlackElo "2291"]
[Annotator "TA"]
[PlyCount "142"]
[EventDate "2024.02.15"]
[EventType "team-tourn"]
[EventCountry "GER"]
[SourceTitle "playchess.com"]
[Source "ChessBase"]
[SourceQuality "1"]
[WhiteTeam "Austria"]
[BlackTeam "Italy"]
[WhiteTeamCountry "AUT"]
[BlackTeamCountry "ITA"]
[TimeControl "40/5400+30:1800+30"]

1. e4 c6 2. d4 d5 3. Nc3 dxe4 4. Nxe4 Bf5 5. Ng3 Bg6 6. Nf3 e6 7. h4 h6 8. Ne5 Bh7 9. Bc4 Nd7 10. Bf4 Nxe5 11. Bxe5 Nf6 12. Qe2 Qa5+ 13. c3 Nd7 14. O-O-O O-O-O $1 15. Bb3 Ba3 16. Qf3 $1 Nxe5 17. dxe5 Be7 18. Qe3 (18. Qxf7 $2 Qxc3+ 19. bxc3 Ba3#) (18. Ne2 $15 Rhf8 (18... Qxe5 19. Qxf7 Rxd1+ 20. Kxd1 $11) 19. Rxd8+ Bxd8 (19... Rxd8 20. Qxf7 Bc5 21. Rd1 $18) (19... Kxd8 20. Qg3 $11) 20. Qg3) 18... Rxd1+ (18... g5 $1 $17 19. hxg5 Bxg5) 19. Rxd1 $15 Bxh4 (19... Qb6 {simplifies} 20. Qxb6 axb6 21. Rd4 g5) 20. Qd4 (20. Ne4 $15 Bxe4 (20... Qxe5 $2 {too greedy.} 21. Nd6+ $18) 21. Qxe4) 20... Bg5+ $17 21. f4 Rd8 22. Qe3 Qb6 23. Qf3 Rxd1+ 24. Bxd1 Be7 25. Bc2 Qg1+ (25... Bxc2 {simplifies} 26. Kxc2 Qa5 27. a3 Qa4+) 26. Kd2 Bxc2 27. Kxc2 Qc5 28. Ne4 Qd5 29. a3 Kc7 30. Qe3 a5 31. Qf3 a4 32. Kc1 (32. Qd3 $17) 32... f5 33. exf6 gxf6 ({Much less strong is} 33... Bxf6 34. Qe2) 34. Qe2 h5 35. g3 Qf5 36. Qe3 (36. Nf2 $17 {is a better defense.}) 36... Qh3 37. Nc5 $2 (37. Qe1 $17) 37... Qf1+ 38. Kc2 Qg2+ 39. Kb1 Qh1+ 40. Kc2 Bxc5 $1 41. Qxc5 Qe4+ 42. Kc1 h4 $1 43. Qe7+ Kb6 44. gxh4 Qxf4+ 45. Kb1 Qxh4 46. Qxe6 Qh1+ 47. Kc2 Qg2+ 48. Kb1 Qf1+ 49. Ka2 f5 50. Qe3+ Ka6 51. Qd4 {[%emt 0:00:00] [#]} b5 $1 52. Qd7 Qc4+ 53. Kb1 $2 {[%emt 0:00:00] [#]} (53. Ka1 Qe4 54. Qc8+ Kb6 55. c4) 53... Qe4+ $1 $19 54. Kc1 f4 $2 (54... Kb6 $19 {...Kc5 would now be deadly.} 55. Qf7 Kc5 56. Qf8+ Kc4 57. Qg8+ Qd5) 55. Qc8+ $2 (55. Qc7 $11) 55... Kb6 $19 56. Qd8+ (56. Qf8 $19) 56... Kc5 57. Qf8+ Kc4 58. Qf7+ Kd3 59. Qd7+ Ke2 60. Qg4+ Qf3 61. Qd7 Qe3+ 62. Kc2 Qe4+ 63. Kc1 f3 64. Qd1+ Kf2 65. Qd6 Kf1 66. Qh6 f2 67. Qh3+ Ke2 68. Qh5+ Qf3 69. Qh2 Qf5 70. Qg2 Qf4+ 71. Kc2 Ke1 0-1

[Event "Mitropa Cup Women 2024"]
[Site "Apolda"]
[Date "2024.02.19"]
[Round "5.15"]
[White "Gueci, Tea"]
[Black "Mayrhuber, Nikola"]
[Result "1-0"]
[ECO "B90"]
[WhiteElo "2193"]
[BlackElo "2009"]
[Annotator "RC"]
[PlyCount "69"]
[EventDate "2024.02.15"]
[EventType "team-tourn"]
[EventCountry "GER"]
[SourceTitle "playchess.com"]
[Source "ChessBase"]
[SourceQuality "1"]
[WhiteTeam "Italy"]
[BlackTeam "Austria"]
[WhiteTeamCountry "ITA"]
[BlackTeamCountry "AUT"]
[TimeControl "40/5400+30:1800+30"]

1. e4 c5 2. Nf3 d6 3. d4 cxd4 4. Nxd4 Nf6 5. Nc3 a6 6. h3 e5 7. Nb3 Be6 8. f4 b5 9. Qf3 Nbd7 10. g4 exf4 11. Bxf4 Ne5 12. Qg2 Be7 13. O-O-O Nfd7 14. Kb1 O-O 15. Nd4 Rc8 16. Nd5 Bxd5 17. exd5 Bg5 18. Bg3 Bf6 19. Nc6 Qc7 20. g5 Bd8 21. Bxe5 Nxe5 22. Nxe5 dxe5 23. Bd3 g6 24. h4 Re8 25. Be4 Be7 26. h5 Bd6 27. Qh3 Re7 28. hxg6 fxg6 29. Bxg6 e4 30. Bxh7+ Rxh7 31. Qe6+ Rf7 32. g6 Be5 33. gxf7+ Kf8 34. c3 b4 35. d6 1-0

[Event "Mitropa Cup Women 2024"]
[Site "Apolda"]
[Date "2024.02.19"]
[Round "5.16"]
[White "Deak-Sala, Emilia"]
[Black "Sala, Giulia"]
[Result "1/2-1/2"]
[ECO "B36"]
[WhiteElo "1843"]
[BlackElo "2035"]
[Annotator "NA RC"]
[PlyCount "96"]
[EventDate "2024.02.15"]
[EventType "team-tourn"]
[EventCountry "GER"]
[SourceTitle "playchess.com"]
[Source "ChessBase"]
[SourceQuality "1"]
[WhiteTeam "Austria"]
[BlackTeam "Italy"]
[WhiteTeamCountry "AUT"]
[BlackTeamCountry "ITA"]
[TimeControl "40/5400+30:1800+30"]

1. e4 c5 2. Nf3 Nc6 3. d4 cxd4 4. Nxd4 g6 5. c4 Nf6 6. Nc3 d6 7. Be2 Nxd4 8. Qxd4 Bg7 9. Be3 O-O 10. Qd2 a5 11. O-O a4 12. Rab1 Qa5 13. Rfc1 Be6 14. f3 Rfc8 15. Nd5 Qxd2 16. Bxd2 Bxd5 17. cxd5 Nd7 18. Rxc8+ Rxc8 19. Rc1 Rxc1+ 20. Bxc1 Nc5 21. Kf1 h5 22. Bb5 Bd4 23. Ke2 Bg1 24. h3 Kg7 25. Bg5 f6 26. Bc1 h4 27. Kd2 Bd4 28. Kc2 f5 29. exf5 gxf5 30. Bg5 Bf6 31. Be3 Kf7 32. Bxc5 dxc5 33. Bxa4 Bd4 34. Bd7 Kf6 35. a4 Ke5 36. Be6 f4 37. b3 Bf2 38. Kd3 Be1 39. Kc4 b6 40. Kb5 Ba5 41. Kc6 Kf6 42. Kd7 Bc3 43. Ke8 Bb4 44. Kf8 Bc3 45. Kg8 Bb4 46. Kh7 Bc3 47. Kg8 Bb4 48. Kh7 Ke5 1/2-1/2

[Event "Mitropa Cup Women 2024"]
[Site "Apolda"]
[Date "2024.02.19"]
[Round "5.17"]
[White "Schneider, Jana"]
[Black "Cvitan, Ena"]
[Result "1/2-1/2"]
[ECO "B15"]
[WhiteElo "2331"]
[BlackElo "2242"]
[Annotator "TA"]
[PlyCount "68"]
[EventDate "2024.02.15"]
[EventType "team-tourn"]
[EventCountry "GER"]
[SourceTitle "playchess.com"]
[Source "ChessBase"]
[SourceQuality "1"]
[WhiteTeam "Germany"]
[BlackTeam "Croatia"]
[WhiteTeamCountry "GER"]
[BlackTeamCountry "CRO"]
[TimeControl "40/5400+30:1800+30"]

1. e4 c6 2. d4 d5 3. Nc3 dxe4 4. Nxe4 Nf6 5. Nxf6+ exf6 6. c3 Bd6 7. Bd3 O-O 8. Qc2 {[%emt 0:00:10] Active counter play!} Re8+ 9. Ne2 h5 10. Be3 Nd7 {[%emt 0:01:47] White has an edge.} 11. c4 Nf8 12. O-O-O Be6 13. Kb1 Rc8 14. a3 b5 15. c5 Bc7 16. Nc3 Bd5 (16... Ng6 $14) 17. Nxd5 (17. Be2 {with more complications.} Bxg2 18. Rhg1 Bd5 19. Bh6) 17... Qxd5 18. Be2 {[%emt 0:01:32] Prevents g6} Qxg2 19. Bxh5 Qh3 {[%emt 0:08:12] Repels Qf5} 20. Be2 Ne6 21. Bd3 (21. Rhg1 $14) 21... Qh4 $11 22. Rhg1 (22. Be4 $14 Bf4 23. Rhe1) 22... Rcd8 $1 23. Qc3 Rd5 (23... Qxh2 24. Be4 Nxc5 25. Bxc6 (25. Qxc5 Rxe4 26. Qxc6 Re6 $11) (25. Bc2 Ne4 $14) 25... Qh7+ 26. Ka1 $16) (23... Nxd4 $6 24. Bxd4 Rxd4 25. Qxd4 Qxd4 26. Bh7+ Kxh7 27. Rxd4 $16) (23... Bxh2 $2 24. Rh1 $18) 24. Be2 {[%emt 0:04:07] [#] Repels f5} (24. Bc2 $15) 24... Qe4+ (24... Qxh2 25. Bf3 Qh7+ 26. Ka1 $11) (24... Nxd4 $1 $17 25. Rxd4 Rxd4 (25... Qxh2 $2 26. Rdg4 $18) 26. Qxd4 Qxd4 (26... Qxh2 $2 27. Rd1 $18) 27. Bxd4 Rxe2 28. Bxf6 g6 (28... Rxf2 29. Bd4 $17)) 25. Bd3 Qh4 26. Bf1 (26. Be2 $11) 26... Ng5 (26... Qxh2 $6 27. Bg2 Red8 28. Be4 $14) ({Black should try} 26... Be5 $1 $15 27. Bg2 Bxd4 (27... Bxh2 $2 28. Bxd5 cxd5 29. Rh1 $18) (27... Rxc5 $2 28. Qe1 $18) 28. Bxd4 Rxd4 29. Bxc6 Rxd1+ 30. Rxd1 Rc8 31. Bxb5 Rxc5 32. Rd8+ Nxd8 (32... Kh7 33. Qd3+ g6 34. Rd7 $15) 33. Qxc5 Ne6 34. Qxa7 Qe4+ 35. Kc1 g6) 27. Bg2 (27. Bxg5 $11 Rxg5 (27... fxg5 $2 28. Bg2 $18) 28. Rxg5 fxg5 29. Qf3) 27... Ne4 $15 28. Qc2 {[%emt 0:00:22] [#] Threatens to win with f3.} f5 $1 (28... Bxh2 $2 29. Rh1 f5 30. f4 $18) 29. Rde1 Re6 (29... Bxh2 $2 30. Rh1 $18) 30. Rd1 Qh7 ({Stronger than} 30... Bxh2 31. Rh1 $18) (30... g6 $17 31. Rge1 Bf4 (31... Bxh2 $2 {too greedy.} 32. Rh1 $18) (31... Qxh2 32. f3 $11)) 31. Bf3 (31. f3 $11 Nf6 32. Bg5) 31... Qh3 $1 32. Bg2 Qh7 ({Better is} 32... Qxh2 $15 33. Qe2 Qh7) 33. Bf3 $11 Qh3 ({Resist} 33... Bxh2 34. Rh1 $15) (33... Qh4 $11) 34. Bg2 $15 Qh7 {[%emt 0:01:57] Weighted Error Value: White=0.23 (precise) /Black=0.21 (precise) .  Mistake:       	White=6     	Black=7      Inaccurate:     	White=2     	---        OK:         	White=9     	Black=8      Best:        	White=3     	Black=2      Strong:       	---       	Black=3} (34... Qh4 $15) 1/2-1/2

[Event "Mitropa Cup Women 2024"]
[Site "Apolda"]
[Date "2024.02.19"]
[Round "5.18"]
[White "Medic, Mirjana"]
[Black "Klek, Hanna Marie"]
[Result "1/2-1/2"]
[ECO "D04"]
[WhiteElo "2151"]
[BlackElo "2284"]
[Annotator "TA"]
[PlyCount "100"]
[EventDate "2024.02.15"]
[EventType "team-tourn"]
[EventCountry "GER"]
[SourceTitle "playchess.com"]
[Source "ChessBase"]
[SourceQuality "1"]
[WhiteTeam "Croatia"]
[BlackTeam "Germany"]
[WhiteTeamCountry "CRO"]
[BlackTeamCountry "GER"]
[TimeControl "40/5400+30:1800+30"]

1. d4 Nf6 2. Nf3 d5 3. e3 c5 4. b3 cxd4 5. exd4 Nc6 6. Bb2 Bg4 7. Be2 e6 8. O-O Bd6 9. Nbd2 O-O {[%emt 0:06:03] The position is equal.} 10. Ne5 Bxe2 11. Qxe2 Rc8 12. c4 Qa5 13. a3 Qa6 14. Rfe1 dxc4 15. Ndxc4 Bb8 16. Rad1 Ne7 17. Ng4 Nfd5 18. Qf3 b5 19. Nce3 Qd6 20. g3 a6 21. Rc1 Ba7 22. Nxd5 Qxd5 23. Qxd5 Nxd5 24. Ne5 Ne7 25. Kf1 Rfd8 26. Rxc8 Rxc8 27. Re2 f6 28. Nf3 (28. Nd7 $11) 28... Kf7 $15 29. Rd2 Ke8 30. Ke2 Kd7 31. Ne1 Kd6 32. Rc2 Nc6 33. Rd2 Na5 34. Rd3 Kd5 35. Kd2 h5 36. Nc2 Nc6 37. Ne3+ Kd6 38. h3 Ne7 39. a4 {[%emt 0:04:20] [#]} Nd5 $1 40. Nc2 Rxc2+ 41. Kxc2 $17 {[%emt 0:30:08][%mdl 4096] Endgame. And now Rd1 would win. KRB-KBN. Black is slightly better.} Nb4+ 42. Kd2 {[%emt 0:00:15] Black must now prevent Ba3.} Nxd3 43. Kxd3 $15 {[%emt 0:00:03] KB-KB} Kd5 44. Bc3 Bb6 45. axb5 axb5 46. Bb2 f5 {[%emt 0:00:00] Hoping for ...g5.} 47. f3 $1 g6 48. g4 fxg4 49. fxg4 hxg4 50. hxg4 Ba7 {[%emt 0:00:00] Weighted Error Value: White=0.12 (very precise) /Black=0.10 (very precise) .  Mistake:       	White=1     	Black=1      Inaccurate:     	White=6     	Black=5      OK:         	White=8     	Black=7      Best:        	---       	Black=2      Strong:       	White=1     	Black=1} (50... b4 $1 $15) 1/2-1/2